 Dungeon Crawl Stone Soup version 0.31.0-12-g77e489cdc1 (webtiles) character file.

Game seed: 3401121005281811462

84 jagang the Slasher (level 4, 0/37 HPs)
             Began as a Human Monk on Mar 7, 2024.
             Slain by an orc
             ... wielding a +0 trident
              (1 damage)
             ... on level 3 of the Dungeon.
             The game lasted 00:02:31 (1636 turns).

jagang the Slasher (Human Monk)                     Turns: 1636, Time: 00:02:31

Health: 0/37       AC:  8    Str: 12    XL:     4   Next: 46%
Magic:  13/13      EV:  7    Int: 10    God:
Gold:   114        SH:  0    Dex: 17    Spells: 3/3 levels left

rFire   . . .        a - +0 falchion
rCold   . . .        d - orb {light}
rNeg    . . .        m - +0 chain mail
rPois   .            (no helmet)
rElec   .            (no cloak)
rCorr   .            (no gloves)
SInv    .            (no boots)
Will    .....        (no amulet) Stlth
                     u - ring of magical power
HPRegen 0.26/turn    (no ring)
MPRegen 0.13/turn

%: no passive effects
@: glowing
A: explore regen
a: no special abilities


You were on level 3 of the Dungeon.
You visited 1 branch of the dungeon, and saw 3 of its levels.

You collected 114 gold pieces.

Inventory:

Hand Weapons
 a - a +0 falchion (weapon)
Missiles
 h - 6 javelins (quivered)
Armour
 d - an orb of light (worn)
 m - a +0 chain mail (worn)
Jewellery
 u - a ring of magical power (left hand)
Wands
 n - a wand of polymorph (8)
 s - a wand of flame (27)
 t - a wand of light (5)
Scrolls
 b - a scroll of noise {unknown}
 f - a scroll of enchant weapon {unknown}
 g - 2 scrolls of identify {unknown}
 j - a scroll of torment {unknown}
 k - 2 scrolls of amnesia {unknown}
 l - a scroll of teleportation {unknown}
 o - a scroll of brand weapon {unknown}
 q - a scroll of enchant armour {unknown}
Potions
 c - a potion of ambrosia
 e - 2 potions of brilliance {unknown}
 i - 2 potions of curing {unknown}
 p - a potion of cancellation {unknown}
 r - a potion of enlightenment {unknown}
 v - a potion of might {unknown}


   Skills:
 * Level 3.7 Fighting
 * Level 3.7 Long Blades
 + Level 1.1 Throwing
 * Level 1.8 Armour
 - Level 3.0 Dodging


You had 3 spell levels left.
You didn't know any spells.
Your spell library contained the following spells:

 Spells                   Type           Power      Damage    Failure   Level
 Blink                    Tloc           0%         N/A       100%        2
 Lesser Beckoning         Tloc           0%         N/A       100%        2
 Momentum Strike          Conj/Tloc      0%         3d8       100%        2


Dungeon Overview and Level Annotations

Branches:
Dungeon (3/15)

Altars:
Qazlal


Innate Abilities, Weirdness & Mutations

You regain HP and MP as you explore.


Message History

The orc barely misses you.
You hit the orc priest.
The orc priest is moderately wounded.
The orc priest looks encouraged for a moment.
The orc barely misses you.
You hit the orc priest but do no damage.
The orc priest is moderately wounded.
The orc priest hits you with a +0 club. The orc hits you but does no damage.
The orc hits you from afar with a +0 trident.
The orc priest hits you but does no damage.
You barely miss the orc priest.
The orc priest is moderately wounded.
The orc priest hits you but does no damage.
The orc closely misses you.
You hit the orc priest.
The orc priest is moderately wounded.
The orc priest hits you but does no damage.
The orc hits you but does no damage.
You hit the orc priest.
The orc priest is severely wounded.
The orc priest barely misses you.
The orc hits you from afar with a +0 trident.
You hit the orc priest but do no damage.
The orc priest is severely wounded.
The orc priest hits you with a +0 club. The orc barely misses you.
You hit the orc priest but do no damage.
The orc priest is severely wounded.
The orc priest mumbles some strange prayers to Beogh against you.
Pain shoots through your body! The orc barely misses you.
You hit the orc priest.
The orc priest is severely wounded.
The orc priest calls down the wrath of Beogh upon you.
Beogh smites you!
* * * LOW HITPOINT WARNING * * *
The orc hits you from afar with a +0 trident.
* * * LOW HITPOINT WARNING * * *
You barely miss the orc priest.
The orc priest is severely wounded.
The orc hits you from afar with a +0 trident.
You die...

#...###.......†..#
..##....###.######
..#..#### #.## #
......### #..## ..
....>...# ##..# ..
......#. ##.##
.### ......#
#..####.....
......# ##..#...#
....<.# #...#.@o#
......#
###.!...oJ....
.....##
#####.###...
....## ## . #####


You could see an orc priest, an orc and an endoplasm.

Vanquished Creatures
  A gnoll (D:1)
  2 adders
  2 dart slugs (D:3)
  A ribbon worm (D:3)
  An orc (D:3)
  5 ball pythons
  7 endoplasms
  A giant cockroach (D:1)
  2 goblins
  8 hobgoblins
  3 quokkas
  3 bats
  2 frilled lizards (D:2)
  A kobold (D:2)
  8 rats
47 creatures vanquished.

Notes
Turn   | Place    | Note
-------+----------+-------------------------------------------
     0 | D:1      | jagang the Human Monk began the quest for the Orb.
     0 | D:1      | Reached XP level 1. HP: 18/18 MP: 1/1
   159 | D:1      | Reached XP level 2. HP: 24/24 MP: 2/2
   263 | D:1      | Reached skill level 1 in Armour
   290 | D:1      | Found a faded altar of an unknown god.
   318 | D:1      | Reached XP level 3. HP: 29/29 MP: 3/3
   681 | D:2      | Found a stormy altar of Qazlal.
  1281 | D:3      | Reached XP level 4. HP: 36/36 MP: 4/4
  1464 | D:3      | Reached skill level 1 in Throwing
  1635 | D:3      | HP: 1/37 [orc/+0 trident (6)]
  1636 | D:3      | Slain by an orc

Illustrated notes

Levels and vault maps discovered:
D:1:      minmay_arrival_statue_studded, layout_rooms,
          ebering_ecumenical_altar_mist
D:2:      layout_basic, basic_altar
D:3:      layout_rooms, bh_walls_and_bars

Skill      XL: |  1  2  3  4 |
---------------+-------------+-----
Armour         | 1 |  1.8
Throwing       | 1 |  1.1
Fighting       | |  3.7
Long Blades    | |  3.7
Dodging        | |  3.0

Action                     |  1- 3 |  4- 6 || total
---------------------------+-------+-------++-------
  Melee: Falchion          |    84 |    54 ||   138
 Armour: Robe              |    31 |       ||    31
         Chain mail        |    28 |    42 ||    70
         Leather armour    |     1 |       ||     1
  Dodge: Dodged            |    51 |    25 ||    76
